 Dungeon Crawl Stone Soup version 0.31-a0-845-g9abc20d24f (webtiles) character file.

Game seed: 7543404311928428765

41 IcyTea the Ruffian (level 3, 0/28 HPs)
             Began as a Gnoll Shapeshifter on Oct 1, 2023.
             Slain by a gnoll
             ... wielding a +0 whip
              (4 damage)
             ... on level 1 of the Dungeon.
             The game lasted 00:02:24 (1050 turns).

IcyTea the Ruffian (Gnoll Shapeshifter)             Turns: 1050, Time: 00:02:25

Health: 0/28       AC:  2    Str: 15    XL:     3   Next: 52%
Magic:  0/4        EV: 13    Int:  9    God:
Gold:   94         SH:  0    Dex: 11    Spells: 3/3 levels left

rFire   . .          .
                       - Unarmed
rCold   . . .        (no shield)
rNeg    . . .        a - +0 animal skin
rPois   .            (helmet currently unavailable)
rElec   .            i - melded +0 cloak
rCorr   .            (gloves currently unavailable)
SInv    .            (boots currently unavailable)
Will    .....        f - amulet of guardian spirit
Stlth   +            (no ring)
HPRegen 0.24/turn    (no ring)
MPRegen 0.09/turn

%: guardian spirit
@: beast-form
A: beast (slay +3), fangs 1, strong nose, distributed training
a: Begin Untransformation


You were on level 1 of the Dungeon.
You were a hulking beast.
You visited 1 branch of the dungeon, and saw 2 of its levels.

You collected 94 gold pieces.

Inventory:

Armour
 a - a +0 animal skin (worn)
 e - a +0 ring mail
 i - a +0 cloak (melded)
Jewellery
 f - an amulet of guardian spirit (around neck)
Talismans
 c - a beast talisman (active)
 d - a flux talisman
Scrolls
 g - a scroll of identify {unknown}
 h - a scroll of acquirement {unknown}
Potions
 b - a potion of lignification


   Skills:
 + Level 2.6 Fighting
 + Level 0.8 Short Blades
 + Level 0.8 Long Blades
 + Level 0.8 Axes
 + Level 0.8 Maces & Flails
 + Level 0.8 Polearms
 + Level 0.8 Staves
 + Level 0.8 Ranged Weapons
 + Level 0.8 Throwing
 + Level 0.8 Armour
 + Level 4.5 Dodging
 + Level 0.8 Stealth
 + Level 0.8 Shields
 + Level 6.5 Unarmed Combat
 + Level 0.8 Spellcasting
 + Level 0.5 Conjurations
 + Level 0.5 Hexes
 + Level 0.5 Summonings
 + Level 0.5 Necromancy
 + Level 0.5 Translocations
 + Level 0.5 Transmutations
 + Level 0.5 Fire Magic
 + Level 0.5 Ice Magic
 + Level 0.5 Air Magic
 + Level 0.5 Earth Magic
 + Level 0.5 Poison Magic
 + Level 1.0 Invocations
 + Level 0.8 Evocations
 + Level 6.5 Shapeshifting


You had 3 spell levels left.
You didn't know any spells.
Your spell library was empty.

Dungeon Overview and Level Annotations

Branches:
Dungeon (2/15)

Altars:


Innate Abilities, Weirdness & Mutations

You are a hulking beast.
Your limbs bulge with bestial killing power. (Slay +3)
You have very sharp teeth.
Your uncanny sense of smell can sniff out nearby items.
Your experience applies equally to all skills.


Message History

You kill the endoplasm!
The gnoll misses you.
A dart slug comes into view.
The bat completely misses you. The gnoll completely misses you.
The gnoll hits you with a +0 spear. The gnoll closely misses you.
You punch the gnoll!
The gnoll is heavily wounded.
The gnoll closely misses you. The gnoll misses you.
The gnoll hits you from afar with a +0 spear.
The bat closely misses you.
You hit the gnoll.
The gnoll is almost dead.
The bat hits you but does no damage. The bat closely misses you.
The gnoll hits you with a +0 whip. The gnoll barely misses you.
The gnoll completely misses you.
You barely miss the gnoll. You punch the gnoll.
You kill the gnoll!
The bat hits you but does no damage. The gnoll hits you with a +0 whip.
The gnoll barely misses you.
Your Invocations skill increases to level 1!
The dart slug launches a dart at you. The slug dart hits you.
* * * LOW HITPOINT WARNING * * *
The bat hits you but does no damage. The gnoll attacks as it pursues you!
The gnoll hits you from afar with a +0 spear!
* * * LOW HITPOINT WARNING * * *
You closely miss the bat. Your bite misses the bat. The bat misses you.
The gnoll barely misses you. The bat misses you.
You punch the bat!
You kill the bat!
The gnoll closely misses you.
There is a stone staircase leading up, spattered with blood here.
You climb upwards.
There is a stone staircase leading down here.
You hit the gnoll. You bite the gnoll.
The gnoll is moderately wounded.
The gnoll hits you with a +0 whip.
You die...

#.##...## #.#
#.####).## #.# #
#.# ##..## #.# #
#.# ##..###### #.#
# #.# ##......#
#.# # #.#
###..#.####.# #
#.# #....#....# #
#.# #.##g..#### #
#.#########.##h###
# #...........####
###############
..........#
#########.#
#...#.#
#####.#.#.#
........#.#
#####.###.#


You could see a gnoll.

Vanquished Creatures
  2 gnolls
  A dart slug (D:1)
  An endoplasm (D:2)
  2 giant cockroaches (D:1)
  3 goblins (D:1)
  A hobgoblin (D:1)
  A quokka (D:1)
  3 bats
  3 frilled lizards (D:1)
  2 rats (D:1)
19 creatures vanquished.

Notes
Turn   | Place    | Note
-------+----------+-------------------------------------------
     0 | D:1      | IcyTea the Gnoll Shapeshifter began the quest for the Orb.
     0 | D:1      | Reached XP level 1. HP: 17/17 MP: 1/1
   112 | D:1      | Reached XP level 2. HP: 5/23 MP: 0/2
   789 | D:1      | Reached XP level 3. HP: 28/28 MP: 3/3
  1043 | D:2      | Reached skill level 1 in Invocations
  1050 | D:1      | Slain by a gnoll

Illustrated notes

Levels and vault maps discovered:
D:1:      shiori_arrival_maze, layout_basic
D:2:      layout_loops_cross, grunt_decor_clamped

Skill      XL: |  1  2  3 |
---------------+----------+-----
Invocations    | 1 |  1.0
Fighting       | |  2.6
Short Blades   | |  0.8
Long Blades    | |  0.8
Axes           | |  0.8
Maces & Flails | |  0.8
Polearms       | |  0.8
Staves         | |  0.8
Ranged Weapons | |  0.8
Throwing       | |  0.8
Armour         | |  0.8
Dodging        | |  4.5
Stealth        | |  0.8
Shields        | |  0.8
Unarmed Combat | |  6.5
Spellcasting   | |  0.8
Conjurations   | |  0.5
Hexes          | |  0.5
Summonings     | |  0.5
Necromancy     | |  0.5
Translocations | |  0.5
Transmutations | |  0.5
Fire Magic     | |  0.5
Ice Magic      | |  0.5
Air Magic      | |  0.5
Earth Magic    | |  0.5
Poison Magic   | |  0.5
Evocations     | |  0.8
Shapeshifting  | |  6.5

Action                     || total
---------------------------++-------
  Melee: Unarmed           ||    47
         Punch             ||     2
         Bite              ||     2
   Stab: Sleeping          ||     2
 Armour: Animal skin       ||    23
  Dodge: Dodged            ||    31
         Form:             ||     1
         Beast             ||     1

Table legend: (Time is in decaauts)
 A = Elapsed time spent in this place.
 B = Non-inter-level travel time spent in this place.
 C = Inter-level travel time spent in this place.
 D = Time resting spent in this place.
 E = Time spent auto-exploring this place.
 F = Levels seen in this place.
 G = Mean time per level.
                   A        B        C        D        E       F      G
               +--------+--------+--------+--------+--------+-----+--------+
         Total |   1044 |   1044 |      0 |     75 |    719 |   2 |  522.0 |
       Dungeon |   1044 |   1044 |      0 |     75 |    719 |   2 |  522.0 |
               +--------+--------+--------+--------+--------+-----+--------+

Top non-repeatable levels by time:
     D:1: 1020 daAuts
     D:2: 24 daAuts
